 Dungeon Crawl Stone Soup version 0.21.1-1-g345015f (webtiles) character file.

2018 nightchill the Grappler (level 9, 79/79 HPs)
             Began as a Ghoul Warper on June 11, 2018.
             Was an Initiate of Makhleb.
             Quit the game on level 7 of the Dungeon on June 14, 2018.
             The game lasted 00:17:59 (5239 turns).

nightchill the Grappler (Ghoul Warper)              Turns: 5239, Time: 00:18:00

Health: 79/79      AC:  7    Str: 18    XL:     9   Next: 23%
Magic:  11/11      EV: 12    Int:  8    God:    Makhleb [......]
Gold:   171        SH:  0    Dex:  8    Spells: 10/12 levels left

rFire    . . .     SeeInvis .     - Unarmed
rCold    + . .     Gourm    .   (no shield)
rNeg     + + +     Faith    .   v - +3 leather armour {MR+}
rPois    ∞         Spirit   .   (no helmet)
rElec    .         Reflect  .   (no cloak)
rCorr    .         Harm     .   (no gloves)
MR       +....                  l - +0 pair of boots
Stlth    +.........             (no amulet)
HPRegen  0.23/turn              (no ring)
MPRegen  0.12/turn              (no ring)

@: rotting
A: rotting body, claws 1, carnivore, cold resistance 1, negative energy
resistance 3, inhibited regeneration, torment resistance, unbreathing
a: Renounce Religion


You were on level 7 of the Dungeon.
You worshipped Makhleb.
Makhleb was noncommittal.
You were not hungry.

You visited 2 branches of the dungeon, and saw 8 of its levels.
You also visited: Ossuary.

You collected 171 gold pieces.

Inventory:

Missiles
 d - 5 tomahawks of dispersal (quivered)
 e - 137 stones
 i - 8 tomahawks
Armour
 a - a +0 leather armour
 j - a +0 leather armour
 l - a +0 pair of boots (worn)
 o - a +0 shield
 v - a +3 leather armour of magic resistance (worn)
Jewellery
 y - a cursed ring of loudness {unknown}
Scrolls
 c - 3 scrolls of blinking
 g - a scroll of enchant armour {unknown}
 h - a scroll of enchant weapon
 k - 5 scrolls of teleportation
 p - 4 scrolls of holy word {unknown}
 r - a scroll of immolation {unknown}
 s - a scroll of random uselessness {unknown}
 x - a scroll of remove curse {unknown}
Potions
 n - a potion of might
 q - 3 potions of curing
 t - 2 potions of ambrosia
 u - a potion of heal wounds {unknown}
Books
 b - a book of Spatial Translocations

   Spells                             Type                      Level
   a - Blink                          Translocation                2
   b - Shroud of Golubria             Charms/Translocation         2
   c - Lesser Beckoning               Translocation                3
   d - Gell's Gravitas                Translocation                3
   e - Teleport Other                 Translocation                3
   f - Passage of Golubria            Translocation                4
 m - a book of Battle

   Spells                             Type                      Level
   a - Infusion                       Charms                       1
   b - Shroud of Golubria             Charms/Translocation         2
   c - Song of Slaying                Charms                       2
   d - Spectral Weapon                Hexes/Charms                 3
   e - Regeneration                   Charms/Necromancy            3
Comestibles
 f - 9 rations
 w - 2 chunks of flesh


   Skills:
 + Level 7.5 Fighting
 - Level 0.8 Throwing
 - Level 0.8 Armour
 + Level 2.4 Dodging
 + Level 10.2 Unarmed Combat
 - Level 2.0 Spellcasting
 - Level 2.6 Translocations
 * Level 2.7 Invocations


You had 10 spell levels left.
You knew the following spells:

 Your Spells              Type           Power        Failure   Level  Hunger
a - Blink                 Tloc           N/A          22%         2    ###....


Dungeon Overview and Level Annotations

Branches:
Dungeon (7/15)             Temple (1/1) D:7

Altars:
Ashenzari
Cheibriados
Elyvilon
Fedhas
Gozag
Kikubaaqudgha
Makhleb
Nemelex Xobeh
Ru
Sif Muna
Trog
Uskayaw
Vehumet
Wu Jian
Xom
Zin
The Shining One


Innate Abilities, Weirdness & Mutations

Your body is rotting away.
You thrive on raw meat.
You are immune to poison.
You have sharp fingernails.
You are carnivorous and can eat meat at any time.
Your flesh is cold resistant. (rC+)
You are immune to negative energy. (rN+++)
You do not regenerate when monsters are visible.
You are immune to unholy pain and torment.
You can survive without breathing.


Message History

You mangle the leopard gecko!!
You kill the leopard gecko!
Makhleb accepts your kill.
No target in view!
You see here a leopard gecko corpse.
You butcher the leopard gecko corpse.
w - 2 chunks of flesh You now have 171 gold pieces (gained 5).
e - 137 stones (gained 17)
Found a war axe.
Found a scroll labeled USO AG DOIR.
Found an encrusted agate ring.
x - a scroll labeled USO AG DOIR
Found 20 gold pieces.
y - an encrusted agate ring Saving game... please wait.
Welcome back, nightchill the Ghoul Warper.
Blood and souls for Makhleb!
Press ? for a list of commands and other information.
Are you sure you want to abandon this character and quit the game? (Confirm with "yes".)

#. #.. #... #... #
#... .# ..
####...#####.#..
.......).....#..
........@.....$.
.............#....
##......###.#....
#...............
#...####.####.#
#...##.....## #.#
##...#.......#....
#....#.......#...#
#.##....._.....#


There were no monsters in sight!

Vanquished Creatures
  Duvessa (D:5)
  2 ice beasts
  A sky beast (D:5)
  4 ogres
  A phantom (D:5)
  2 centaurs
  Blork the orc (D:4)
  Dowan (D:5)
  3 crimson imps
  3 centaur zombies
  3 hounds
  A centaur skeleton (D:6)
  An orc wizard (D:5)
  Terence (D:2)
  A bullfrog skeleton (D:5)
  2 iguanas (D:6)
  4 worker ants
  A big kobold zombie (Ossuary)
  7 mummies
  7 gnolls
  9 adders
  An ooze (D:3)
  An adder zombie (D:7)
  5 worms
  4 dart slugs
  3 leopard geckos
  13 orcs
  3 ball pythons
  7 giant cockroaches
  9 goblins
  6 hobgoblins
  2 jackals (D:2)
  14 kobolds
  A quokka (D:3)
  8 bats
  3 frilled lizards
  A giant cockroach zombie (D:5)
  2 hobgoblin zombies (Ossuary)
  A kobold zombie (D:5)
  An orc zombie (D:5)
  6 rats
  A butterfly (D:2)
148 creatures vanquished.

Notes
Turn   | Place    | Note
-------+----------+-------------------------------------------
     0 | D:1      | nightchill the Ghoul Warper began the quest for the Orb.
     0 | D:1      | Reached XP level 1. HP: 17/17 MP: 2/2
   245 | D:1      | Reached XP level 2. HP: 23/25 MP: 3/3
   253 | D:1      | Learned a level 2 spell: Blink
   565 | D:1      | Reached skill level 3 in Unarmed Combat
  1116 | D:2      | Reached XP level 3. HP: 26/28 MP: 5/5
  1221 | D:2      | Reached XP level 4. HP: 35/38 MP: 6/6
  1355 | D:2      | Reached skill level 4 in Unarmed Combat
  1383 | D:2      | Found a shimmering altar of Xom.
  1435 | D:2      | Reached XP level 5. HP: 21/45 MP: 7/7
  1545 | D:2      | Noticed Terence
  1552 | D:2      | Killed Terence
  1593 | D:2      | Reached skill level 5 in Unarmed Combat
  2221 | D:3      | Reached XP level 6. HP: 49/52 MP: 8/8
  2937 | D:4      | Reached skill level 6 in Unarmed Combat
  2954 | D:4      | Noticed Blork the orc
  2966 | D:4      | Killed Blork the orc
  2980 | D:4      | Reached XP level 7. HP: 26/60 MP: 9/9
  3128 | D:4      | Found an ornate altar of the Wu Jian Council.
  3172 | D:5      | Entered Level 5 of the Dungeon
  3205 | D:5      | Reached skill level 5 in Fighting
  3218 | D:5      | Found a sand-covered staircase.
  3222 | D:5      | Reached skill level 7 in Unarmed Combat
  3250 | Ossuary  | Entered an ossuary
  3771 | D:5      | Noticed Dowan
  3771 | D:5      | Noticed Duvessa
  3811 | D:5      | Killed Duvessa
  3817 | D:5      | Killed Dowan
  3817 | D:5      | Reached skill level 8 in Unarmed Combat
  3817 | D:5      | Reached XP level 8. HP: 31/69 MP: 10/10
  3950 | D:5      | Reached skill level 9 in Unarmed Combat
  4229 | D:5      | You fall through a shaft for 2 floors!
  4229 | D:7      | Found a staircase to the Ecumenical Temple.
  4233 | Temple   | Entered the Ecumenical Temple
  4344 | Temple   | Became a worshipper of Makhleb the Destroyer
  4385 | D:6      | Found a radiant altar of Vehumet.
  4404 | D:6      | Found an ancient bone altar of Kikubaaqudgha.
  4428 | D:6      | Found a glowing silver altar of Zin.
  4658 | D:6      | Reached skill level 10 in Unarmed Combat
  4813 | D:6      | Reached skill level 1 in Invocations
  4813 | D:6      | Reached XP level 9. HP: 78/78 MP: 11/11
  5204 | D:7      | Found a sparkling altar of Nemelex Xobeh.
  5239 | D:7      | Quit the game

Skill      XL: |  1  2  3  4  5  6  7  8  9 |
---------------+----------------------------+-----
Spellcasting   | 2 |  2.0
Unarmed Combat | 3 4 5 6 8 10 | 10.2
Fighting       | 3 4 5 7 |  7.5
Invocations    | 1 2 |  2.7
Dodging        | 2 |  2.4
Throwing       | |  0.8
Armour         | |  0.8
Translocations | |  2.6

Action                   |  1- 3 |  4- 6 |  7- 9 || total
-------------------------+-------+-------+-------++-------
Melee: Unarmed           |   102 |   232 |   264 ||   598
       Punch             |       |     2 |    11 ||    13
  Use: Scroll            |       |     3 |     6 ||     9
       Potion            |       |       |     1 ||     1
 Stab: Held in net/web   |       |       |     1 ||     1
  Eat: Chunk             |     6 |    30 |    21 ||    57
Armor: Leather armour    |    29 |    50 |    47 ||   126
Dodge: Dodged            |    52 |   110 |   102 ||   264
